AoeStats
← Your Mom's Favorite Athlete

Arena

510216082Analyzed
3v3 RM · 4d ago on Sep 30, 2026· 50m 12s· 6 players
Game mode
Random Map
Map size
Normal (6 player)
Population
200
Speed
Normal
Resources
Standard
Victory
Conquest
Starting age
Dark Age
Ending age
Imperial Age
RankedLock teamsTeams togetherTeam positionsShared explorationLock speedFull tech treeHidden civsTurbo modeCheats
Victory
Defeat
🇦🇷 Goths · Argentina
1327
+15
🇧🇷 Lithuanians · Brazil
1309
+16
🇺🇸 Cumans · United States
1297
+17
🇺🇸 Saxons · United States
1345
-17
🇺🇸 Slavs · United States
1332
-17
🇺🇸 Saracens · United States
1256
-14
Diheadwarlord
6:06 Loom
8:55 Feudal Age
16:12 Fletching
28:01 Double-Bit Axe
33:14 Castle Age
33:50 Wheelbarrow
33:59 Capped Ram
34:46 Gold Mining
37:01 Scale Barding Armor
41:11 Pikeman
41:52 Squires
41:59 Bodkin Arrow
47:42 Bow Saw
47:15 Horse Collar
48:49 Gold Shaft Mining
48:08 Stone Mining
51:02 Imperial Age
49:54 Bloodlines
50:17 Padded Archer Armor
Blue Label
12:50 Feudal Age
16:43 Castle Age
17:17 Double-Bit Axe
17:13 Horse Collar
17:24 Gold Mining
24:27 Forging
25:31 Scale Mail Armor
29:56 Iron Casting
29:37 Chain Mail Armor
31:14 Wheelbarrow
36:05 Imperial Age
34:22 Man-at-Arms
35:35 Squires
35:25 Long Swordsman
37:05 Perfusion
37:26 Conscription
36:40 Two-Handed Swordsman
40:07 Champion
PNLN | maromba_aoe
11:17 Feudal Age
14:42 Castle Age
12:46 Double-Bit Axe
13:16 Horse Collar
18:59 Heavy Plow
22:30 Wheelbarrow
25:04 Scale Barding Armor
25:30 Hand Cart
25:52 Loom
27:14 Bloodlines
29:28 Bow Saw
29:10 Gold Mining
29:10 Stone Mining
30:49 Padded Archer Armor
33:59 Imperial Age
32:21 Scale Barding Armor
32:26 Forging
32:33 Leather Archer Armor
33:43 Chain Barding Armor
33:48 Masonry
33:32 Fletching
34:48 Iron Casting
35:41 Chemistry
35:07 Conscription
35:25 Elite Leitis
36:54 Plate Barding Armor
36:19 Scale Mail Armor
36:51 Ring Archer Armor
37:38 Bodkin Arrow
39:32 Bodkin Arrow
39:25 Elite Leitis
41:03 Capped Ram
43:06 Two-Man Saw
42:17 Husbandry
44:51 Bracer
46:36 Ballistics
46:46 Architecture
51:18 Crop Rotation
51:24 Stone Shaft Mining
Your Mom's Favorite Athlete
5:17 Loom
11:31 Feudal Age
12:30 Double-Bit Axe
17:57 Castle Age
23:30 Forging
24:46 Scale Barding Armor
37:54 Wheelbarrow
38:14 Fletching
38:34 Elite Skirmisher
40:01 Thumb Ring
40:18 Bodkin Arrow
VicMan
5:54 Loom
8:30 Feudal Age
10:05 Fletching
12:05 Town Watch
25:22 Castle Age
25:03 Gold Mining
26:02 Bodkin Arrow
28:39 Fortified Wall
28:20 Guard Tower
30:13 Ballistics
31:07 Wheelbarrow
37:29 Imperial Age
39:10 Capped Ram
40:16 Forging
40:07 Scale Mail Armor
40:14 Horse Collar
40:22 Double-Bit Axe
42:21 Iron Casting
42:16 Chain Mail Armor
46:31 Squires
47:03 Plate Mail Armor
47:15 Heavy Plow
48:56 Siege Ram
TheGrainmaker
10:30 Feudal Age
12:04 Double-Bit Axe
14:55 Castle Age
13:47 Horse Collar
16:17 Bow Saw
17:10 Loom
19:19 Wheelbarrow
21:00 Heavy Plow
21:11 Heavy Plow
23:25 Stone Mining
23:28 Gold Mining
24:29 Hand Cart
24:46 Pikeman
25:57 Squires
26:01 Scale Mail Armor
26:11 Forging
26:53 Town Watch
29:53 Imperial Age
27:04 Man-at-Arms
28:35 Chain Mail Armor
28:55 Iron Casting
28:09 Long Swordsman
30:11 Capped Ram
31:25 Plate Mail Armor
31:56 Blast Furnace
30:19 Two-Handed Swordsman
31:26 Conscription
30:43 Capped Ram
31:32 Halberdier
32:50 Siege Ram
33:46 Detinets
35:08 Coinage
36:11 Druzhina
37:21 Fortified Wall
38:12 Chemistry
37:03 Fletching
36:54 Champion
37:56 Bodkin Arrow
38:39 Elite Skirmisher
39:20 Padded Archer Armor
41:04 Masonry
41:42 Leather Archer Armor
45:48 Ring Archer Armor
45:56 Murder Holes
Connection lost

Rejoining the realm…

Still unreachable

The connection could not be restored.

Session expired

The server has moved on; the page needs a fresh start.